 Dungeon Crawl Stone Soup version 0.15.0-14-g6bbbb5c (webtiles) character file.

8773 EvilAshe the Basher (level 11, -1/81 HPs)
             Began as a Human Wanderer on Sept 4, 2014.
             Was a Priest of Zin.
             Slain by a shadow (21 damage)
             ... on Level 11 of the Dungeon.
             The game lasted 01:05:39 (19331 turns).

EvilAshe the Basher (Human Wanderer)               Turns: 19331, Time: 01:05:41

HP  -1/81        AC 27     Str 19      XL: 11   Next: 62%
MP  18/20        EV  4     Int 14      God: Zin [***...]
Gold 387         SH 14     Dex 22      Spells:  0 memorised, 10 levels left

rFire  + . .     SeeInvis .     b - +0 mace
rCold  . . .     Clarity  .     t - +4 chain mail
rNeg   . . .     rCorr    .     C - +5 shield "Loiff" {Dex+4 Int+3}
rPois  .         rRot     .     y - +1 hat
rElec  .         Spirit   .     R - +4 cloak of Githaod {rF+ Dex+4}
SustAb .         Warding  .     e - +2 pair of gloves
rMut   .         Stasis   .     o - +0 pair of boots
Gourm  .                        (no amulet)
MR     .....                    i - +3 ring of protection
                                z - +3 ring of strength

@: lethally poisoned, drained, not resistant to hostile enchantments, extremely
unstealthy
A: no striking features
a: Recite, Vitalisation, Imprison, Renounce Religion


You were on level 11 of the Dungeon.
You worshipped Zin.
Zin was most pleased with you.
You were very hungry.

You visited 2 branches of the dungeon, and saw 12 of its levels.

You collected 573 gold pieces.
You spent 143 gold pieces at shops.
You donated 43 gold pieces to Zin.

Inventory:

Hand weapons
 b - a +0 mace (weapon)
Armour
 e - a +2 pair of gloves (worn)
 o - a +0 pair of boots (worn)
 t - a +4 chain mail (worn)
 y - a +1 hat (worn)
 C - the +5 shield "Loiff" (worn) {Dex+4 Int+3}
   (You found it on level 5 of the Dungeon)

   It affects your intelligence (+3).
   It affects your dexterity (+4).
 R - the +4 cloak of Githaod (worn) {rF+ Dex+4}
   (You found it on level 7 of the Dungeon)

   It affects your dexterity (+4).
   It protects you from fire.
Magical devices
 s - a wand of digging (11)
 B - a wand of disintegration (0)
 H - a wand of teleportation (0)
 K - a wand of lightning (1)
 S - a wand of magic darts (6)
Comestibles
 f - 8 bread rations
 h - 6 meat rations
 O - 4 beef jerkies
 V - 3 fruits
Scrolls
 a - 2 scrolls of identify
 k - a scroll of noise {unknown}
 l - 3 scrolls of remove curse
 n - 4 scrolls of teleportation
 q - a scroll of amnesia
 u - a scroll of enchant weapon {unknown}
 x - a scroll of fear
 A - a scroll of enchant armour
 I - 2 scrolls of magic mapping
 M - a scroll of acquirement {unknown}
 T - a scroll of recharging {unknown}
Jewellery
 g - an uncursed ring of poison resistance
 i - a +3 ring of protection (right hand)
 v - an uncursed ring of positive energy
 z - a +3 ring of strength (left hand)
 D - an uncursed ring of sustain abilities
Potions
 c - a potion of lignification
 d - 7 potions of curing
 j - a potion of brilliance
 p - 2 potions of heal wounds
 r - 2 potions of restore abilities {unknown}
 E - 4 potions of haste
 G - a potion of flight
 J - a potion of agility
 L - a potion of resistance {unknown}
 N - a potion of might
 Q - a potion of magic {unknown}
Books
 m - a Necronomicon {highlevel, unknown}

   This book is beyond your current level of understanding.

   Spells                             Type                      Level
   Haunt                              Necromancy/Summoning         7
   Borgnjor's Revivification          Necromancy                   8
   Death's Door                       Charms/Necromancy            8
   Necromutation                      Transmutation/Necromancy     8
   Zin opposes the use of such an evil item.
 F - a book of Power

   Spells                             Type                      Level
   Fulminant Prism                    Conjuration/Hexes            4
   Iskenderun's Mystic Blast          Conjuration                  4
   Venom Bolt                         Conjuration/Poison           5
   Bolt of Magma                      Conjuration/Fire/Earth       5
   Iron Shot                          Conjuration/Earth            6
   Orb of Destruction                 Conjuration                  7
 P - a book of the Earth

   Spells                             Type                      Level
   Leda's Liquefaction                Hexes/Earth                  4
   Bolt of Magma                      Conjuration/Fire/Earth       5
   Statue Form                        Transmutation/Earth          6
   Iron Shot                          Conjuration/Earth            6
   Shatter                            Earth                        9


   Skills:
 + Level 5.9(5.6) Fighting
 - Level 14.0(13.7) Maces & Flails
 - Level 1.0(0.8) Throwing
 + Level 6.2(5.9) Armour
 - Level 2.0(1.7) Dodging
 - Level 1.0(0.8) Shields
 + Level 5.9(5.6) Invocations


You had 10 spell levels left.
You didn't know any spells.

Dungeon Overview and Level Annotations

Branches:
Dungeon (11/15)            Temple (1/1) D:6            Lair (0/8) D:11
    Orc: D:9-12

Altars:
Ashenzari
Cheibriados
Dithmenos
Elyvilon
Fedhas
Kikubaaqudgha
Nemelex Xobeh
Okawaru
Qazlal
Sif Muna
Trog
Vehumet
Xom
Yredelemnul
Zin
The Shining One
Beogh

Shops:
D:5 !   D:6 (   D:9 (   D:10 [**

Annotations:
D:3 EvilAshe's ghost, average NaFE
D:4 Grinder
D:9 Orc Mines, Erolcha
D:11 Gastronok


Message History

Reactivating autopickup.
Gastronok's eyestalks quiver as he mumbles some strange words.
Gastronok seems to move somewhat quicker.
You feel sick.
You repair your equipment.
There is a stone staircase leading up here.
You feel sick.
You closely miss the shadow.
The shadow is lightly damaged.
The rat twitches its whiskers.
You block the shadow's attack. You block the orc's attack.
The shadow slips into darkness!
Deactivating autopickup; reactivate with Ctrl-A.
The orc hits you with a dagger.
* * * LOW HITPOINT WARNING * * *
You feel sick. You block the orc's attack. The rat barely misses you.
You closely miss the quokka. You block the quokka's attack.
The orc hits you but does no damage. The rat bites you but does no damage.
The shadow strikes at you from the darkness!
You die...

#..)................
#...........##.##...
####.######.##.##...
### #.##%###..
########### #..#...#..
#..<......###..###[...
#..<......w...........
#...o.r...####w#...#..
#...o@r...# #...#..###
########.## #.W.#.....
#.# #...##..#. #.#
#.o.###... #[#
#.o..##.## #.#
###....... ...
#..###.. .## #... ...
. ..... ..


You could see Gastronok, 2 orcs, a quokka and a rat.

Vanquished Creatures
  Pikel (D:5)
  A cyclops (D:11)
  A kobold demonologist (D:9)
  A troll (D:10)
  A two-headed ogre (D:11)
  3 yaks (D:10)
  2 hippogriffs (D:11)
  Eustachio (D:7)
  Edmund (D:5)
  Menkaure (D:7)
  A water moccasin (D:5)
  3 sky beasts
  9 orc warriors
  A black bear (D:8)
  4 ice beasts
  A porcupine (D:11)
  A necrophage (D:9)
  3 slaves (D:5)
  7 centaurs
  5 ogres
  2 phantoms
  Sigmund (D:4)
  A wyvern zombie (D:6)
  A big kobold (D:10)
  Blork the orc (D:4)
  5 giant frogs
  6 scorpions
  An eye of draining (D:11)
  6 killer bees
  2 quasits
  2 goliath beetles (D:8)
  A yak skeleton (D:9)
  6 crimson imps
  A giant frog zombie (D:9)
  5 orc priests
  4 jellies
  Crazy Yiuf (D:7)
  5 hounds
  9 orc wizards
  An orange rat (D:11)
  A two-headed ogre skeleton (D:6)
  7 worker ants
  2 iguanas
  Ijyb (D:4)
  2 big kobold skeletons (D:10)
  A worker ant zombie (D:5)
  15 adders
  6 gnolls
  A green rat (D:11)
  A giant mite (D:3)
  5 shadow imps
  4 worms
  An iguana zombie (D:10)
  3 giant geckos
  3 oozes
  51 orcs
  2 ball pythons
  15 bats
  A bat zombie (D:8)
  14 hobgoblins
  20 jackals
  17 kobolds
  9 quokkas
  7 giant cockroaches
  7 giant newts
  12 goblins
  A hobgoblin zombie (D:8)
  A kobold skeleton (D:6)
  9 rats
  A rat zombie (D:8)
329 creatures vanquished.

Notes
Turn   | Place    | Note
--------------------------------------------------------------
     0 | D:1      | EvilAshe, the Human Wanderer, began the quest for the Orb.
     0 | D:1      | Reached XP level 1. HP: 15/15 MP: 1/1
   360 | D:1      | Reached XP level 2. HP: 8/21 MP: 2/2
  1198 | D:2      | Reached XP level 3. HP: 26/26 MP: 3/3
  2404 | D:2      | Reached skill level 4 in Maces & Flails
  2404 | D:2      | Reached XP level 4. HP: 25/32 MP: 4/4
  2849 | D:3      | HP: 1/32 [orc/short sword (6)]
  3739 | D:3      | Reached XP level 5. HP: 35/37 MP: 5/5
  4028 | D:3      | Noticed EvilAshe's ghost (average NaFE)
  4089 | D:3      | Reached skill level 5 in Maces & Flails
  4530 | D:4      | Noticed Ijyb
  4555 | D:4      | Killed Ijyb
  4567 | D:4      | Reached XP level 6. HP: 34/43 MP: 6/6
  4666 | D:4      | Noticed Blork the orc
  4995 | D:3      | Reached skill level 6 in Maces & Flails
  5679 | D:4      | Killed Blork the orc
  6190 | D:4      | Reached skill level 7 in Maces & Flails
  6190 | D:4      | Reached XP level 7. HP: 36/48 MP: 7/7
  6766 | D:4      | Noticed Sigmund
  6801 | D:4      | Killed Sigmund
  6954 | D:4      | Noticed an ogre
  6969 | D:4      | Killed an ogre
  6969 | D:4      | Reached skill level 8 in Maces & Flails
  7252 | D:4      | HP: 2/48 [poisoned by a scorpion]
  7817 | D:5      | Entered Level 5 of the Dungeon
  7835 | D:4      | Reached XP level 8. HP: 51/54 MP: 8/8
  7947 | D:5      | Got an encrusted shield
  7958 | D:5      | Identified the cursed +5 shield "Loiff" {Dex+4 Int+3} (You found it on level 5 of the Dungeon)
  8031 | D:5      | Reached skill level 9 in Maces & Flails
  8475 | D:5      | Found Naaliomiy's Distillery.
  8502 | D:5      | Bought 2 potions of heal wounds for 66 gold pieces
  8502 | D:5      | Bought a potion of haste for 77 gold pieces
  8783 | D:5      | Noticed Grinder
  8783 | D:5      | Paralysed by Grinder for 2 turns
  8890 | D:4      | Paralysed by Grinder for 2 turns
  9308 | D:5      | Reached skill level 10 in Maces & Flails
  9689 | D:5      | Noticed Pikel
  9706 | D:5      | Killed Pikel
  9706 | D:5      | Reached skill level 11 in Maces & Flails
  9706 | D:5      | Reached XP level 9. HP: 59/59 MP: 9/9
 10081 | D:6      | Noticed Edmund
 10129 | D:6      | Found Zacaevup's Antique Weapon Boutique.
 10270 | D:6      | Found a staircase to the Ecumenical Temple.
 10286 | Temple   | Entered the Ecumenical Temple
 10311 | Temple   | Became a worshipper of Zin the Law-Giver
 10311 | Temple   | Acquired Zin's first power
 10892 | D:5      | Killed Edmund
 10892 | D:5      | Reached skill level 12 in Maces & Flails
 12038 | D:7      | Acquired Zin's second power
 12560 | D:7      | Reached XP level 10. HP: 53/65 MP: 10/10
 12595 | D:7      | Noticed Eustachio
 12613 | D:7      | Killed Eustachio
 12681 | D:7      | Reached skill level 13 in Maces & Flails
 12817 | D:7      | Noticed Menkaure
 12827 | D:7      | Killed Menkaure
 13115 | D:7      | Got a steaming cloak
 13126 | D:7      | Identified the +4 cloak of Githaod {rF+ Dex+4} (You found it on level 7 of the Dungeon)
 13193 | D:7      | Noticed Crazy Yiuf
 13203 | D:7      | Killed Crazy Yiuf
 14825 | D:8      | Reached skill level 14 in Maces & Flails
 15333 | D:9      | Reached skill level 1 in Invocations
 15418 | D:9      | Found Ocwaurph's Weapon Boutique.
 16203 | D:9      | Found a roughly hewn altar of Beogh.
 16426 | D:9      | Noticed Erolcha
 16431 | D:10     | Entered Level 10 of the Dungeon
 16609 | D:10     | Found Dask's General Store.
 16644 | D:10     | Found Urobb's Antique Armour Boutique.
 16781 | D:10     | Acquired Zin's third power
 16871 | D:10     | Reached XP level 11. HP: 75/75 MP: 17/17
 17456 | D:10     | Reached skill level 5 in Armour
 17496 | D:10     | Found Twiadour's General Store.
 17958 | D:10     | Reached skill level 5 in Invocations
 18072 | D:10     | Reached skill level 5 in Fighting
 18759 | D:11     | Found a staircase to the Lair.
 18973 | D:11     | Noticed a cyclops
 19004 | D:11     | Killed a cyclops
 19137 | D:11     | Found a shadowy altar of Dithmenos.
 19280 | D:11     | Noticed Gastronok
 19331 | D:11     | Slain by a shadow

Action                   |  1- 3 |  4- 6 |  7- 9 | 10-12 || total
-------------------------+-------+-------+-------+-------++-------
Melee: Mace              |   153 |   312 |   754 |  1184 ||  2403
Invok: Recite            |       |       |     2 |     6 ||     8
       Vitalisation      |       |       |       |     5 ||     5
Evoke: Wand              |       |       |    12 |    17 ||    29
  Use: Scroll            |     1 |     4 |       |     9 ||    14
       Potion            |       |     2 |     3 |     2 ||     7
  Eat: Chunk             |     4 |    12 |     9 |     8 ||    33
       Beef jerky        |       |     1 |     1 |     2 ||     4
       Pizza             |       |       |     3 |     1 ||     4
       Fruit             |       |       |     2 |     3 ||     5
       Meat ration       |       |       |     1 |     1 ||     2
       Royal jelly       |       |       |       |     1 ||     1
